 Dungeon Sprint DCSS version 0.28.0-45-g0d030f2227 (webtiles) character file.

Game seed: 6519901150670994277

16900000 thiscave3701365 the Axe Maniac (level 27, -213/228 HPs)
             Began as a Djinni Warper on Apr 18, 2022.
             Was the Champion of Makhleb.
             Annihilated by a fleshlord
             ... wielding a +9 great mace
              (264 damage)
             ... in the Dungeon (Sprint VIII: "Arena of Blood").
             The game lasted 00:04:10 (169 turns).

thiscave3701365 the Axe Maniac (Djinni Warper)       Turns: 169, Time: 00:04:11

Health: -213/228   AC:  6    Str: 20    XL:     27
Gold:   0          EV: 26    Int: 18    God:    Makhleb [******] SH:  0 Dex: 14

rFire   + + .      SeeInvis +   i - +∞ Axe of Woe
rCold   x . .      Faith    .   (shield currently unavailable)
rNeg    . . .      Spirit   .   b - +0 leather armour
rPois   ∞          Reflect  .   (no helmet)
rElec   .          Harm     .   (no cloak)
rCorr   .          Rampage  .   (no gloves)
Will    ++...      NoTele   +   (boots unavailable)
Stlth   +++.......              (no amulet)
HPRegen 0.48/turn               j - ring of see invisible
MPRegen 0.00/turn               (no ring)

@: flying, slowed, very slow
A: sickness immunity, fire resistance 2, cold vulnerability 1, float, innate
caster, HP casting, extra vitality 1
0: Orb of Zot
a: Renounce Religion, Minor Destruction, Lesser Servant of Makhleb, Major
Destruction, Greater Servant of Makhleb


You were in the Dungeon.
You worshipped Makhleb.
Makhleb was exalted by your worship.
You visited 1 branch

Inventory:

Hand Weapons
 a - a +0 hand axe
 i - the +∞ Axe of Woe (weapon)
   (You found it in the Dungeon)
Missiles
 d - 5 boomerangs of dispersal
Armour
 b - a +0 leather armour (worn)
Jewellery
 j - a ring of see invisible (left hand)
Scrolls
 c - 2 scrolls of blinking
Potions
 e - a potion of curing
 f - a potion of heal wounds
 g - a potion of haste
 h - a potion of berserk rage


   Skills:
 O Level 27 Fighting
 O Level 27 Short Blades
 O Level 27 Long Blades
 O Level 27 Axes
 O Level 27 Maces & Flails
 O Level 27 Polearms
 O Level 27 Staves
 O Level 27 Slings
 O Level 27 Bows
 O Level 27 Crossbows
 O Level 27 Throwing
 O Level 27 Armour
 O Level 27 Dodging
 O Level 27 Stealth
 O Level 27 Shields
 O Level 27 Unarmed Combat
 O Level 27 Spellcasting
 O Level 27 Invocations
 O Level 27 Evocations


You couldn't memorise any spells.
You knew the following spells:

 Your Spells              Type           Power      Damage    Failure   Level
a - Blink                 Tloc           100%       N/A       0%          2
b - Lesser Beckoning      Tloc           88%        N/A       0%          3
c - Gell's Gravitas       Tloc           88%        N/A       0%          3
d - Teleport Other        Tloc           88%        N/A       0%          3
e - Manifold Assault      Tloc           88%        N/A       0%          5
f - Beastly Appendage     Tmut           100%       N/A       0%          1
g - Corpse Rot            Necr/Air       100%       N/A       0%          2
h - Dazzling Flash        Conj/Hex       100%       N/A       0%          3
i - Hailstorm             Conj/Ice       88%        3d18      0%          4
j - Olgreb's Toxic Radia  Pois           88%        N/A       0%          4
k - Irradiate             Conj/Tmut      44%        3d28      0%          5
l - Death Channel         Necr           44%        N/A       0%          6
m - Monstrous Menagerie   Summ           44%        N/A       1%          7
n - Malign Gateway        Summ/Tloc      44%        N/A       1%          7
o - Maxwell's Capacitive  Air            44%        ∞         1%          8
p - Necromutation         Tmut/Necr      44%        N/A       1%          8
q - Death's Door          Necr           44%        N/A       2%          9
r - Shatter               Erth           44%        3d34*     2%          9
Your spell library was empty.

Dungeon Overview and Level Annotations

Branches:
Dungeon (1/1)

Altars:
Makhleb


Innate Abilities, Weirdness & Mutations

You are immune to sickness and miasma.
You are immune to poison.
Your flesh is very heat resistant. (rF++)
You are vulnerable to cold. (rC-)
You float through the air rather than walking.
You learn spells naturally, not from books.
Your magical power is your life essence.
You have superior vitality. (+4 MHP)


Message History

The observer barely misses you.
A dread comes into view.
You hear a shout!
A bag of meat comes into view. It is wielding a +9 war axe.
The observer bites you!
* * * LOW HITPOINT WARNING * * *
The accursed points at you and mumbles some strange words.
Something smites you!
* * * LOW HITPOINT WARNING * * *
Casting: Manifold Assault (safe; 0% risk of failure)
Confirm with . or Enter, or press ? or * to list all spells.
Space momentarily warps into an impossible shape!
You cut the bag of meat into ribbons!!!
You cleave the bag of meat in twain.
You kill the bag of meat!
Makhleb accepts your kill.
You hit the meat berserker but do no damage.
You dissect the meat berserker like a pig carcass.
You kill the meat berserker!
Makhleb accepts your kill.
You feel better.
You hit the eight-headed meat hydra but do no damage.
You chop the eight-headed meat hydra into pieces.
You kill the eight-headed meat hydra!
Makhleb accepts your kill.
You hit the observer. You chop the observer into pieces.
You kill the observer!
Makhleb accepts your kill.
You feel better.
You hear a shout! x4
The observer gazes at you. Something smites you!
The destroyer points at you and mumbles some strange words.
The destroyer blinks!
You hear a shout!
The dread calls on the powers of darkness!
The meat berserker convulses!
Your body is wracked with pain!
* * * LOW HITPOINT WARNING * * *
The fleshlord hits you with a +9 great mace!!!!!
Ouch! That really hurt!
You die...

#... ..# )..###...
Mo.###).)
.......)###))....))
#.).....)_.W...oo.)
......#..†))#).V.).
......#_.<)V#)..)..
......#...o.#.....)#
#.....).)_pzG)).).).
.....)p)###@)W.)....
...###..).O†.###.)..
..†.†#..))...#......
§§...#)W..§2.#..)...
)§...)....).)).)....
§§.))..).)))...))#).
...).)....)))..G#.).
.)).)).....W..##.)).
.)))#)).))...#).))).


You could see an accursed, a lorocyproca (invisible), 2 destroyers, an observer
(fast, invisible), a fleshlord, a sculptor of flesh, 3 dreads, a wretched soul
(invisible), a meat berserker (berserk) and 4 bags of meat.

Vanquished Creatures
  Dispater (D)
  17 hell knights (D)
  Sigmund (D)
  3 hell beasts (D)
  Edmund (D)
  12 royal mummies (D)
  12 great orbs of eyes (D)
  18 wraiths (D)
  Harold (D)
  11 vampire knights (D)
  36 ogres (D)
  10 two-headed ogres (D)
  6 liches (D)
  10 hydras (D)
  73 orcs (D)
  9 phantoms (D)
  5 skeletal warriors (D)
  9 sea snakes (D)
235 creatures vanquished.

Notes
Turn   | Place    | Note
-------+----------+-------------------------------------------
     0 | D        | Found the +∞ Axe of Woe
     0 | D        | thiscave3701365 the Djinni Warper began the quest for the
                  | Orb.
     0 | D        | Reached XP level 1. HP: 18/18 MP: 0/0
     1 | D        | Noticed a bag of meat
     3 | D        | Became a worshipper of Makhleb the Destroyer
     4 | D        | Noticed a meat berserker
     4 | D        | Noticed a meat berserker
     4 | D        | Noticed a bag of meat
     5 | D        | Noticed a bag of meat
     7 | D        | Killed a bag of meat
     7 | D        | Noticed a meat berserker
     7 | D        | Noticed a bag of meat
     8 | D        | Reached XP level 2. HP: 23/23 MP: 0/0
     8 | D        | Reached XP level 3. HP: 28/28 MP: 0/0
     8 | D        | Learned a level 1 spell: Beastly Appendage
     8 | D        | Reached XP level 4. HP: 33/33 MP: 0/0
     8 | D        | Reached XP level 5. HP: 38/38 MP: 0/0
     8 | D        | Learned a level 2 spell: Corpse Rot
     8 | D        | Reached XP level 6. HP: 43/43 MP: 0/0
     8 | D        | Reached XP level 7. HP: 49/49 MP: 0/0
     8 | D        | Learned a level 3 spell: Dazzling Flash
     8 | D        | Reached XP level 8. HP: 54/54 MP: 0/0
     8 | D        | Reached XP level 9. HP: 58/58 MP: 0/0
     8 | D        | Learned a level 4 spell: Hailstorm
     8 | D        | Reached XP level 10. HP: 64/64 MP: 0/0
     8 | D        | Reached XP level 11. HP: 68/68 MP: 0/0
     8 | D        | Learned a level 4 spell: Olgreb's Toxic Radiance
     8 | D        | Killed a bag of meat
     8 | D        | Reached * piety under Makhleb
     9 | D        | Reached XP level 12. HP: 37/74 MP: 0/0
     9 | D        | Killed a meat berserker
     9 | D        | Noticed a meat berserker
    10 | D        | Reached skill level 27 in Axes
    10 | D        | Reached skill level 1 in Throwing
    10 | D        | Reached XP level 13. HP: 41/83 MP: 0/0
    10 | D        | Learned a level 5 spell: Irradiate
    10 | D        | Killed a meat berserker
    10 | D        | Killed a bag of meat
    10 | D        | Reached ** piety under Makhleb
    10 | D        | Noticed a meat berserker
    10 | D        | Noticed a bag of meat
    11 | D        | Reached XP level 14. HP: 93/98 MP: 0/0
    11 | D        | Killed a bag of meat
    11 | D        | Killed a meat berserker
    11 | D        | Killed a meat berserker
    11 | D        | Reached *** piety under Makhleb
    11 | D        | Noticed a meat berserker
    12 | D        | Reached skill level 5 in Armour
    12 | D        | Reached XP level 15. HP: 112/112 MP: 0/0
    12 | D        | Learned a level 6 spell: Death Channel
    12 | D        | Reached XP level 16. HP: 118/118 MP: 0/0
    12 | D        | Killed a meat berserker
    13 | D        | Reached skill level 5 in Throwing
    13 | D        | Killed a meat berserker
    13 | D        | Reached **** piety under Makhleb
    14 | D        | Reached skill level 15 in Fighting
    14 | D        | Reached skill level 15 in Dodging
    14 | D        | Reached XP level 17. HP: 131/131 MP: 0/0
    14 | D        | Learned a level 7 spell: Monstrous Menagerie
    16 | D        | Noticed a meat berserker
    17 | D        | Noticed a meat berserker
    17 | D        | Noticed a meat berserker
    18 | D        | Noticed a large bag of meat
    18 | D        | Noticed a large bag of meat
    18 | D        | Noticed a large bag of meat
    19 | D        | Reached ***** piety under Makhleb
    19 | D        | Killed a meat berserker
    20 | D        | Reached skill level 10 in Armour
    20 | D        | Reached skill level 27 in Spellcasting
    20 | D        | Reached XP level 18. HP: 112/151 MP: 0/0
    20 | D        | Killed a large bag of meat
    21 | D        | Reached XP level 19. HP: 125/167 MP: 0/0
    21 | D        | Learned a level 7 spell: Malign Gateway
    21 | D        | Reached ****** piety under Makhleb
    21 | D        | Killed a large bag of meat
    21 | D        | Killed a meat berserker
    22 | D        | Reached skill level 27 in Fighting
    22 | D        | Reached skill level 27 in Dodging
    22 | D        | Killed a meat berserker
    23 | D        | Reached XP level 20. HP: 181/181 MP: 0/0
    23 | D        | Noticed a meat berserker
    24 | D        | Reached skill level 27 in Armour
    24 | D        | Killed a large bag of meat
    24 | D        | Noticed a large bag of meat
    25 | D        | Reached skill level 27 in Throwing
    25 | D        | Reached XP level 21. HP: 187/187 MP: 0/0
    25 | D        | Learned a level 8 spell: Maxwell's Capacitive Coupling
    25 | D        | Killed a large bag of meat
    25 | D        | Noticed a large bag of meat
    26 | D        | Reached skill level 5 in Maces & Flails
    26 | D        | Reached skill level 5 in Polearms
    26 | D        | Reached skill level 5 in Slings
    26 | D        | Reached skill level 5 in Bows
    26 | D        | Reached skill level 5 in Crossbows
    26 | D        | Reached XP level 22. HP: 194/194 MP: 0/0
    26 | D        | Killed a meat berserker
    26 | D        | Killed a large bag of meat
    27 | D        | Noticed a meat berserker
    28 | D        | Killed a meat berserker
    29 | D        | Reached skill level 10 in Short Blades
    29 | D        | Reached skill level 10 in Long Blades
    29 | D        | Reached skill level 10 in Staves
    29 | D        | Reached skill level 10 in Stealth
    29 | D        | Reached skill level 10 in Shields
    29 | D        | Reached skill level 10 in Unarmed Combat
    29 | D        | Reached skill level 10 in Invocations
    29 | D        | Reached skill level 10 in Evocations
    31 | D        | Reached skill level 10 in Maces & Flails
    31 | D        | Reached skill level 10 in Polearms
    31 | D        | Reached skill level 10 in Slings
    31 | D        | Reached skill level 10 in Bows
    31 | D        | Reached skill level 10 in Crossbows
    31 | D        | Reached XP level 23. HP: 201/201 MP: 0/0
    31 | D        | Learned a level 8 spell: Necromutation
    31 | D        | Noticed a large bag of meat
    32 | D        | Killed a large bag of meat
    34 | D        | Noticed a large bag of meat
    35 | D        | Killed a large bag of meat
    39 | D        | Noticed a destroyer
    39 | D        | Killed a destroyer
    40 | D        | Reached XP level 24. HP: 203/208 MP: 0/0
    43 | D        | Reached skill level 15 in Shields
    43 | D        | Reached skill level 15 in Unarmed Combat
    43 | D        | Reached skill level 15 in Invocations
    43 | D        | Reached skill level 15 in Evocations
    47 | D        | Reached skill level 15 in Short Blades
    47 | D        | Reached skill level 15 in Long Blades
    47 | D        | Reached skill level 15 in Staves
    47 | D        | Reached skill level 15 in Stealth
    47 | D        | Noticed an accursed
    47 | D        | Killed an accursed
    49 | D        | Noticed a tyrant
    52 | D        | Noticed an accursed
    52 | D        | Killed a tyrant
    52 | D        | Killed an accursed
    53 | D        | Reached XP level 25. HP: 201/214 MP: 0/0
    53 | D        | Learned a level 9 spell: Death's Door
    55 | D        | Noticed an accursed
    57 | D        | Noticed a tyrant
    58 | D        | Killed an accursed
    59 | D        | Noticed The Captor
    59 | D        | Killed The Captor
    59 | D        | Noticed a tyrant
    60 | D        | Reached XP level 26. HP: 221/221 MP: 0/0
    60 | D        | Reached XP level 27. HP: 228/228 MP: 0/0
    60 | D        | Learned a level 9 spell: Shatter
    60 | D        | Noticed a dread
    61 | D        | Noticed an accursed
    63 | D        | Noticed a dread
    63 | D        | Noticed a meat beast
    64 | D        | Killed a tyrant
    66 | D        | Killed a meat beast
    67 | D        | Killed a tyrant
    68 | D        | Noticed The Servant
    69 | D        | Killed a dread
    69 | D        | Killed The Servant
    70 | D        | Killed an accursed
    72 | D        | Noticed a destroyer
    73 | D        | Killed a destroyer
    74 | D        | Reached skill level 27 in Shields
    74 | D        | Reached skill level 27 in Unarmed Combat
    74 | D        | Reached skill level 27 in Invocations
    74 | D        | Reached skill level 27 in Evocations
    75 | D        | Reached skill level 27 in Short Blades
    75 | D        | Reached skill level 27 in Long Blades
    75 | D        | Reached skill level 27 in Staves
    75 | D        | Reached skill level 27 in Stealth
    77 | D        | Noticed a destroyer
    78 | D        | Killed a destroyer
    81 | D        | Reached skill level 27 in Maces & Flails
    81 | D        | Reached skill level 27 in Polearms
    81 | D        | Reached skill level 27 in Slings
    81 | D        | Reached skill level 27 in Bows
    81 | D        | Reached skill level 27 in Crossbows
    81 | D        | Noticed a large bag of meat
    82 | D        | Killed a large bag of meat
    87 | D        | Noticed a large bag of meat
    88 | D        | Killed a large bag of meat
    93 | D        | Killed a dread
    96 | D        | Noticed a tyrant
    97 | D        | Killed a tyrant
    98 | D        | Noticed an accursed
    98 | D        | Killed an accursed
    99 | D        | Noticed The Defiler
   100 | D        | Killed The Defiler
   100 | D        | Noticed a dread
   101 | D        | Killed a dread
   102 | D        | Noticed a meat beast
   103 | D        | Killed a meat beast
   104 | D        | Noticed an accursed
   105 | D        | Killed an accursed
   107 | D        | Noticed a dread
   107 | D        | Noticed a dread
   108 | D        | Killed a dread
   108 | D        | Killed a dread
   108 | D        | Noticed an accursed
   109 | D        | Killed an accursed
   111 | D        | Noticed a dread
   111 | D        | Noticed a dread
   112 | D        | Killed a dread
   112 | D        | Killed a dread
   112 | D        | Noticed an accursed
   113 | D        | Killed an accursed
   114 | D        | Noticed a dread
   115 | D        | Killed a dread
   115 | D        | Noticed a destroyer
   116 | D        | Killed a destroyer
   116 | D        | Noticed a fleshlord
   117 | D        | Killed a fleshlord
   117 | D        | Noticed a dread
   118 | D        | Killed a dread
   118 | D        | Noticed a fleshlord
   118 | D        | Noticed a fleshlord
   119 | D        | Killed a fleshlord
   119 | D        | Killed a fleshlord
   119 | D        | Noticed a fleshlord
   120 | D        | Killed a fleshlord
   120 | D        | Noticed a large bag of meat
   121 | D        | Noticed a fleshlord
   121 | D        | Killed a fleshlord
   121 | D        | Killed a large bag of meat
   124 | D        | Noticed an accursed
   125 | D        | Killed an accursed
   125 | D        | Noticed a dread
   126 | D        | Killed a dread
   128 | D        | Noticed an accursed
   129 | D        | Noticed a fleshlord
   129 | D        | Killed an accursed
   129 | D        | Killed a fleshlord
   129 | D        | Noticed a fleshlord
   130 | D        | Killed a fleshlord
   130 | D        | Noticed a fleshlord
   131 | D        | Killed a fleshlord
   132 | D        | Noticed a tyrant
   133 | D        | Killed a tyrant
   133 | D        | Noticed a dread
   134 | D        | Killed a dread
   134 | D        | Noticed an accursed
   135 | D        | Killed an accursed
   135 | D        | Noticed a destroyer
   135 | D        | Noticed a fleshlord
   136 | D        | Killed a destroyer
   136 | D        | Killed a fleshlord
   136 | D        | Noticed a destroyer
   137 | D        | Killed a destroyer
   138 | D        | Noticed a destroyer
   138 | D        | Noticed a fleshlord
   139 | D        | Killed a destroyer
   139 | D        | Killed a fleshlord
   139 | D        | Noticed a tyrant
   140 | D        | Noticed a fleshlord
   140 | D        | Noticed a destroyer
   141 | D        | Killed a tyrant
   142 | D        | Killed a destroyer
   142 | D        | Killed a fleshlord
   144 | D        | Noticed The Meatlord
   144 | D        | Noticed a dread
   145 | D        | Killed a dread
   145 | D        | Killed The Meatlord
   147 | D        | Noticed a fleshlord
   147 | D        | Killed a fleshlord
   147 | D        | Noticed a fleshlord
   148 | D        | Killed a fleshlord
   149 | D        | Noticed a dread
   149 | D        | Killed a dread
   149 | D        | Noticed a destroyer
   150 | D        | Killed a destroyer
   153 | D        | Noticed a dread
   153 | D        | Killed a dread
   153 | D        | Noticed a dread
   153 | D        | Noticed a fleshlord
   154 | D        | Noticed a fleshlord
   154 | D        | Killed a fleshlord
   154 | D        | Killed a fleshlord
   154 | D        | Killed a dread
   155 | D        | Noticed a fleshlord
   156 | D        | Killed a fleshlord
   156 | D        | Noticed a fleshlord
   157 | D        | Killed a fleshlord
   161 | D        | Noticed a dread
   162 | D        | Killed a dread
   163 | D        | Got the Orb of Zot
   163 | D        | Noticed a fleshlord
   163 | D        | Noticed a meat beast
   163 | D        | Noticed a destroyer
   164 | D        | Noticed a destroyer
   164 | D        | Noticed a dread
   164 | D        | Noticed a destroyer
   164 | D        | Noticed a dread
   165 | D        | Killed a dread
   165 | D        | Noticed a destroyer
   165 | D        | Noticed a dread
   166 | D        | Killed a meat beast
   166 | D        | Killed a destroyer
   166 | D        | HP: 9/228 [observer/divine providence (14)]
   166 | D        | Noticed an accursed
   167 | D        | Killed a destroyer
   167 | D        | Noticed an accursed
   168 | D        | Noticed a dread
   168 | D        | Killed an accursed
   168 | D        | Killed a dread
   168 | D        | Noticed a dread
   169 | D        | Annihilated by a fleshlord

Illustrated notes

Levels and vault maps discovered:
D:        meatsprint

Skill      XL: |  1  2  3  4  5  6  7  8  9 10 11 12 13 14 15 16 17 18 19 20 21 22 23 24 25 26 27 |
---------------+----------------------------------------------------------------------------------+-----
Axes           | 21 24 27 | 27.0
Fighting       | 3 8 12 15 20 24 27 | 27.0
Throwing       | 1 3 4 5 7 8 16 27 | 27.0
Dodging        | 4 8 12 15 21 24 27 | 27.0
Spellcasting   | 6 14 20 24 27 | 27.0
Armour         | 3 5 7 10 12 25 27 | 27.0
Short Blades   | 6 11 14 17 21 27 | 27.0
Long Blades    | 6 11 14 17 21 27 | 27.0
Maces & Flails | 5 10 13 16 19 27 | 27.0
Polearms       | 5 10 13 16 19 27 | 27.0
Staves         | 6 11 14 17 21 27 | 27.0
Slings         | 5 10 13 16 19 27 | 27.0
Bows           | 5 10 13 16 19 27 | 27.0
Crossbows      | 5 10 13 16 19 27 | 27.0
Stealth        | 6 11 14 17 21 27 | 27.0
Shields        | 6 11 14 18 21 27 | 27.0
Unarmed Combat | 6 11 14 18 21 27 | 27.0
Invocations    | 6 11 14 18 21 27 | 27.0
Evocations     | 6 11 14 18 21 27 | 27.0

Action                   |  1- 3 |  4- 6 |  7- 9 | 10-12 | 13-15 | 16-18 | 19-21 | 22-24 | 25-27 || total
-------------------------+-------+-------+-------+-------+-------+-------+-------+-------+-------++-------
Melee: Executioner's axe |     1 |       |       |     2 |     4 |    12 |    17 |    22 |   174 ||   232
 Cast: Manifold Assault  |       |       |       |       |     1 |     6 |     4 |    14 |    88 ||   113
Armor: Leather armour    |       |       |       |       |       |       |       |       |     1 ||     1
Dodge: Dodged            |       |       |       |       |       |       |       |       |     3 ||     3
